cohdb
Replays
Latest Replays
All Replays
Popular Replays
Top Player Replays
Match Explorer
How It Works
Community
CoH3 Stats
Reddit
Sign in to upload your games and track your stats! →
Sign in with Steam
Match 45539041
Unlisted
Match 45539041
Overview
Messages
Build Orders
End
Construct Section Command Post
Vickers Machine Gun Team
Construct Section Command Post
Selects Air and Sea Battlegroup
Infantry Section
Infantry Section
Infantry Section
ML 3-inch Mortar Team
Selects Supply Surplus
Construct Field Infirmary
Forward Retreat Point
Grenade Package
Construct Platoon Command Post
6-pounder Anti-tank Gun Team
Selects Commando Section Paradrop
Selects M1 Pack Howitzer Paradrop
6-pounder Anti-tank Gun Team
Commando Section Paradrop
Construct Company Command Post
Selects Incendiary Bombing Run
Incendiary Bombing Run
Unlock M3 Grant Medium Tanks
M3 Grant Medium Tank
Daghito
demenza058
Stratego
Heroin Schorsch
untergrund weltstar
Guerrilla161
0
0
Comments
sign in to comment!
No comments posted yet!